AoeStats
← Ux'RaúlME

Fortress

507172415Analyzed
4v4 RM · 16d ago on Sep 17, 2026· 54m 30s· 8 players
Game mode
Random Map
Map size
Huge
Population
200
Speed
Normal
Resources
Standard
Victory
Conquest
Starting age
Dark Age
Ending age
Imperial Age
RankedLock teamsTeams togetherTeam positionsShared explorationLock speedFull tech treeHidden civsTurbo modeCheats
Victory
Defeat
🇧🇷 Spanish · Brazil
1356
+12
🇧🇷 Mapuche · Brazil
1349
+12
🇧🇷 Goths · Brazil
1316
+14
🇧🇷 Spanish · Brazil
1261
+16
🇲🇽 Byzantines · Mexico
1339
-17
🇲🇽 Burgundians · Mexico
1292
-15
🇪🇸 Hindustanis · Spain
1264
-13
🇲🇽 Persians · Mexico
1153
-9
le Alexis Á
7:30 Feudal Age
12:01 Castle Age
10:35 Double-Bit Axe
11:59 Horse Collar
12:43 Fletching
14:03 Loom
27:41 Heavy Plow
28:49 Wheelbarrow
32:40 Imperial Age
32:35 Bow Saw
32:34 Padded Archer Armor
37:16 Chemistry
39:21 Gold Mining
41:05 Leather Archer Armor
42:56 Gold Shaft Mining
43:56 Elite Skirmisher
44:42 Thumb Ring
Ux'RaulitoMD
8:20 Feudal Age
9:32 Loom
9:53 Double-Bit Axe
12:23 Castle Age
10:32 Horse Collar
11:18 Fletching
11:24 Gold Mining
12:44 Wheelbarrow
12:43 Scale Barding Armor
13:16 Heavy Plow
13:59 Bow Saw
22:08 Gold Shaft Mining
22:27 Hand Cart
21:58 Town Watch
24:30 Chain Barding Armor
24:21 Forging
24:07 Bodkin Arrow
24:13 Scale Mail Armor
24:48 Bloodlines
25:11 Husbandry
27:42 Iron Casting
28:49 Light Cavalry
32:13 Imperial Age
30:35 Stone Mining
30:49 Padded Archer Armor
31:04 Chain Mail Armor
30:58 Kamandaran
32:21 Town Patrol
32:41 Leather Archer Armor
32:57 Thumb Ring
32:12 Crossbowman
33:07 Citadels
33:18 Conscription
33:34 Hoardings
32:45 Heavy Camel Rider
32:46 Cavalier
34:06 Plate Barding Armor
34:06 Elite Skirmisher
34:55 Squires
34:41 Arson
34:17 Pikeman
36:43 Chemistry
35:10 Hussar
35:49 Savar
37:32 Crop Rotation
38:06 Two-Man Saw
42:20 Caravan
44:43 Murder Holes
44:59 Masonry
45:23 Ballistics
44:55 Guard Tower
51:12 Architecture
53:56 Ring Archer Armor
54:26 Blast Furnace
Ux'RaúlME
1:19 Double-Bit Axe
4:16 Horse Collar
8:31 Feudal Age
7:18 Gold Mining
7:46 Loom
12:38 Castle Age
10:46 Heavy Plow
11:20 Bow Saw
11:59 Gold Shaft Mining
11:29 Loom
15:03 Wheelbarrow
15:06 Town Watch
15:28 Stone Mining
16:45 Two-Man Saw
18:53 Fletching
21:27 Stone Shaft Mining
22:45 Hand Cart
22:46 Bodkin Arrow
28:34 Imperial Age
28:41 Imperial Age
29:02 Sanctity
30:53 Conscription
40:03 Padded Archer Armor
40:09 Bracer
42:16 Chemistry
42:31 Leather Archer Armor
Adrijiga
6:01 Feudal Age
11:51 Castle Age
10:34 Double-Bit Axe
12:31 Wheelbarrow
12:23 Bloodlines
13:59 Bow Saw
15:18 Hand Cart
16:26 Loom
16:26 Horse Collar
21:06 Scale Barding Armor
21:23 Heavy Plow
23:16 Gold Mining
24:45 Gold Shaft Mining
24:05 Stone Mining
24:44 Husbandry
24:57 Forging
25:17 Town Watch
26:00 Chain Barding Armor
29:16 Imperial Age
27:17 Light Cavalry
28:45 Town Patrol
29:31 Heavy Camel Rider
29:37 Hussar
32:01 Two-Man Saw
31:45 Stone Shaft Mining
32:33 Conscription
32:17 Grand Trunk Road
31:59 Imperial Camel Rider
34:32 Plate Barding Armor
34:33 Iron Casting
37:45 Blast Furnace
37:48 Ballistics
37:19 Fletching
38:25 Padded Archer Armor
39:37 Chemistry
38:44 Siege Engineers
38:26 Elite Skirmisher
39:11 Thumb Ring
39:59 Bodkin Arrow
40:20 Leather Archer Armor
40:20 Fortified Wall
41:13 Bracer
42:29 Ring Archer Armor
43:42 Scale Mail Armor
44:49 Caravan
45:42 Coinage
MAMA YAGA
7:11 Feudal Age
11:02 Castle Age
10:01 Padded Archer Armor
9:57 Double-Bit Axe
10:19 Horse Collar
10:58 Loom
11:15 Gold Mining
25:23 Wheelbarrow
25:04 Bow Saw
24:58 Stone Mining
25:34 Town Watch
27:33 Hand Cart
31:26 Imperial Age
30:16 Leather Archer Armor
30:42 Heavy Plow
31:11 Fletching
31:27 Scale Barding Armor
31:35 Forging
31:42 Bloodlines
31:36 Husbandry
33:12 Chemistry
32:32 Ballistics
32:05 Elite Conquistador
34:24 Two-Man Saw
38:29 Ring Archer Armor
38:20 Chain Barding Armor
40:33 Caravan
41:07 Coinage
41:06 Town Patrol
42:24 Plate Barding Armor
42:24 Iron Casting
41:11 Light Cavalry
42:37 Conscription
42:41 Hussar
46:41 Blast Furnace
48:46 Banking
48:26 Guilds
GL.Lalo
8:07 Feudal Age
11:50 Castle Age
10:48 Horse Collar
10:57 Double-Bit Axe
13:02 Padded Archer Armor
17:25 Bow Saw
18:06 Town Watch
20:59 Leather Archer Armor
24:21 Wheelbarrow
23:53 Heavy Plow
27:27 Bloodlines
27:17 Husbandry
27:43 Inquisition
32:00 Imperial Age
31:32 Hand Cart
31:16 Gold Mining
31:17 Stone Mining
31:45 Husbandry
31:06 Light Cavalry
31:52 Scale Barding Armor
32:05 Cavalier
32:15 Hussar
33:24 Chain Barding Armor
33:14 Forging
36:25 Plate Barding Armor
36:01 Forging
36:24 Pikeman
37:13 Halberdier
38:15 Devotion
39:04 Scale Mail Armor
39:39 Iron Casting
40:47 Chemistry
39:44 Loom
40:00 Town Patrol
41:08 Two-Man Saw
40:19 Paladin
42:39 Blast Furnace
41:29 Fletching
42:09 Ring Archer Armor
42:01 Arson
42:17 Squires
42:33 Chain Mail Armor
44:46 Conscription
44:49 Supremacy
45:58 Bodkin Arrow
46:33 Plate Mail Armor
47:05 Caravan
47:36 Coinage
48:34 Stone Shaft Mining
50:41 Ballistics
50:41 Bombard Tower
51:06 Banking
50:47 Guilds
53:03 Fervor
53:00 Bracer
Littlebread
9:07 Feudal Age
10:15 Double-Bit Axe
10:22 Horse Collar
13:06 Castle Age
12:12 Wheelbarrow
13:22 Gold Mining
14:24 Bow Saw
14:15 Heavy Plow
17:20 Town Watch
19:31 Forging
19:37 Loom
21:38 Iron Casting
22:45 Fletching
30:34 Imperial Age
28:23 Bodkin Arrow
29:55 Hand Cart
29:41 Town Patrol
30:27 Gold Shaft Mining
31:11 Devotion
34:59 Padded Archer Armor
35:04 Malon
35:11 Butalmapu
35:26 Conscription
36:38 Ballistics
36:11 Elite Bolas Rider
36:53 Treadmill Crane
37:23 Masonry
37:08 Murder Holes
38:37 Chemistry
39:11 Leather Archer Armor
38:22 Pikeman
41:20 Halberdier
42:02 Scale Mail Armor
43:02 Blast Furnace
42:32 Ring Archer Armor
43:20 Caravan
44:56 Chain Mail Armor
45:01 Elite Skirmisher
46:12 Crop Rotation
48:06 Siege Engineers
48:31 Architecture
47:57 Murder Holes
49:18 Elite Kona
50:33 Hoardings
54:46 Plate Mail Armor
54:19 Stone Mining
Sheila do Almoxarifado
7:39 Feudal Age
11:38 Castle Age
9:50 Double-Bit Axe
10:56 Horse Collar
16:54 Loom
18:58 Wheelbarrow
20:07 Bow Saw
20:41 Heavy Plow
21:40 Hand Cart
23:34 Town Watch
26:24 Imperial Age
24:43 Forging
24:33 Scale Mail Armor
23:58 Pikeman
24:39 Squires
24:40 Gold Mining
24:40 Stone Mining
26:30 Iron Casting
25:46 Fletching
26:26 Chain Mail Armor
27:27 Halberdier
28:11 Anarchy
28:31 Conscription
29:44 Blast Furnace
29:01 Caravan
29:13 Perfusion
29:57 Bodkin Arrow
30:17 Masonry
31:09 Chemistry
30:02 Elite Huskarl
31:30 Guilds
32:41 Two-Man Saw
36:08 Bracer
36:32 Ballistics
36:42 Architecture
37:45 Crop Rotation
37:51 Stone Shaft Mining
40:42 Sappers
41:18 Murder Holes
50:05 Man-at-Arms
52:09 Padded Archer Armor
52:15 Scale Barding Armor
52:45 Coinage
52:26 Town Patrol
53:51 Leather Archer Armor
53:56 Chain Barding Armor
54:23 Siphons
54:38 Shipwright
54:29 Clinker Construction
54:10 Heated Shot
54:31 Careening
54:48 Sanctity
54:28 Devotion
54:54 Illumination
55:04 Theocracy
53:53 Heavy Scorpion
53:54 Capped Ram
54:09 Long Swordsman
54:17 Light Cavalry
55:07 Bloodlines
54:58 Husbandry
55:35 Banking
55:03 Herbal Medicine
Connection lost

Rejoining the realm…

Still unreachable

The connection could not be restored.

Session expired

The server has moved on; the page needs a fresh start.